 Dungeon Crawl Stone Soup version 0.31.0-11-ge490571c62 (webtiles) character file.

Game seed: 1426267318398080487

44 qw the Shooter (level 3, 0/18 HPs)
             Began as a Spriggan Hunter on Feb 4, 2024.
             Succumbed to a kobold's poison
             ... on level 3 of the Dungeon.
             The game lasted 00:00:02 (657 turns).

qw the Shooter (Spriggan Hunter)                     Turns: 657, Time: 00:00:03

Health: 0/18       AC:  2    Str:  7    XL:     3   Next: 41%
Magic:  4/4        EV: 19    Int: 10    God:
Gold:   31         SH:  0    Dex: 20    Spells: 2/2 levels left

rFire   . . .        a - +0 shortbow
rCold   . . .        (shield currently unavailable)
rNeg    . . .        c - +0 robe
rPois   .            (helmet restricted)
rElec   .            (no cloak)
rCorr   .            (gloves unavailable)
SInv    +            (boots unavailable)
Will    .....        (no amulet)
Stlth   ++           (no ring)
HPRegen 0.23/turn    (no ring)
MPRegen 0.09/turn

%: no passive effects
@: lethally poisoned (0 -> -1), very quick
A: very small, no large weapons, unfitting armour, see invisible, speed 3
a: no special abilities


You were on level 3 of the Dungeon.
You visited 1 branch of the dungeon, and saw 3 of its levels.

You collected 31 gold pieces.


Innate Abilities, Weirdness & Mutations

You are very small and have problems with some larger weapons.
You are too small for most types of armour.
You have supernaturally acute eyesight. (SInv)
You cover ground extremely quickly. (Speed+++)


   Skills:
 - Level 1.5 Fighting
 + Level 4.7 Ranged Weapons
 - Level 4.0 Dodging
 - Level 1.5 Stealth


You had 2 spell levels left.
You didn't know any spells.
Your spell library was empty.

Inventory:

Hand Weapons
 a - a +0 shortbow (weapon)
Armour
 c - a +0 robe (worn)
Jewellery
 b - a ring of wizardry
Scrolls
 g - a scroll of brand weapon {unknown}
 h - a scroll of identify {unknown}
Potions
 d - a potion of might {unknown}
 e - a potion of attraction {unknown}
 f - a potion of heal wounds

Dungeon Overview and Level Annotations

Branches:
Dungeon (2/15)

Altars:

Shops:
D:1 (


Message History

You shoot an arrow. The arrow barely misses the rat.
You shoot an arrow. The arrow closely misses the rat.
You shoot an arrow. The arrow hits the rat!
You kill the rat!
You see here an adder corpse.
Items here: %% ( ).
You now have 31 gold pieces (gained 7).
Found a stone staircase leading down.
h - a scroll labelled WEUTA MEYNAX
There is a stone staircase leading down here.
A kobold comes into view.
It is wielding a +0 club and quivering poisoned darts.
You shoot an arrow. The arrow completely misses the kobold.
The kobold throws a poisoned dart.
The poisoned dart hits you!
You are poisoned.
You shoot an arrow. The arrow hits the kobold.
The kobold is moderately wounded.
You feel very sick.
The kobold throws a poisoned dart.
The poisoned dart hits you!
You are lethally poisoned!
You shoot an arrow. The arrow closely misses the kobold.
You feel very sick.
You shoot an arrow. The arrow barely misses the kobold.
You feel very sick.
You shoot an arrow. The arrow barely misses the kobold.
You feel sick. The kobold closely misses you. The kobold completely misses you.
You shoot an arrow. The arrow hits the kobold.
You kill the kobold!
You feel sick.
There is a lethal amount of poison in your body!
You feel sick.
There is a lethal amount of poison in your body!
You feel sick.
There is a lethal amount of poison in your body!
You feel sick.
There is a lethal amount of poison in your body!
You feel sick.
There is a lethal amount of poison in your body!
You feel sick.
There is a lethal amount of poison in your body!
You die...

#.####.##...## #>#
#.(..### ##.####....#
########........#.###
..........#####.#...##
.#######..#####.###..#
##.###....####.###
#..# .............
#@## ..#######..##
#...)......# ##...
....##......## #... .#
#..##### #... ..##
#..| #.. #... #.. #...
### ####


There were no monsters in sight!

Vanquished Creatures
  An adder (D:3)
  A dart slug (D:2)
  3 endoplasms (D:1)
  2 giant cockroaches (D:1)
  2 goblins (D:1)
  5 hobgoblins
  3 kobolds
  A quokka (D:1)
  3 ball pythons (D:1)
  4 bats
  3 frilled lizards
  4 rats
32 creatures vanquished.

Notes
Turn   | Place    | Note
-------+----------+-------------------------------------------
     0 | D:1      | qw the Spriggan Hunter began the quest for the Orb.
     0 | D:1      | Reached XP level 1. HP: 10/10 MP: 2/2
     0 | D:1      | 0 ||| qw: Version: 0.3-a-160-g6735b56
     0 | D:1      | 0 ||| qw: Game counter: 5402
     0 | D:1      | 0 ||| qw: Melee chars always use a shield: true
     0 | D:1      | 0 ||| qw: God list: Okawaru
     0 | D:1      | 0 ||| qw: Allow faded altars: false
     0 | D:1      | 0 ||| qw: Do Orc after clearing Dungeon:15 true
     0 | D:1      | 0 ||| qw: Do second Lair branch before Depths: true
     0 | D:1      | 0 ||| qw: Lair rune preference: random
     0 | D:1      | 0 ||| qw: Goals: Normal
     0 | D:1      | 0 ||| PLANNING D:1-11
     8 | D:1      | Found Bagyj's Antique Weapon Shop.
    91 | D:1      | Reached skill level 3 in Dodging
   171 | D:1      | Reached XP level 2. HP: 14/14 MP: 3/3
   450 | D:1      | 450 ||| READING scroll labelled IXAGEMPIGHY.
   451 | D:1      | 451 ||| DRINKING 2 clear potions.
   452 | D:1      | 452 ||| DROPPING scroll of butterflies.
   517 | D:2      | Reached XP level 3. HP: 18/18 MP: 4/4
   557 | D:2      | You fall into a shaft and drop 1 floor!
   651 | D:3      | HP: 4/18 [poisoned by a kobold]
   655 | D:3      | HP: 1/18 [poisoned by a kobold]
   657 | D:3      | Succumbed to a kobold's poison

Levels and vault maps discovered:
D:1:      dpeg_arrival_shrine, layout_rooms, serial_shops,
          nicolae_shop_tiny_glass
D:2:      layout_rooms, minmay_misc_feat_alley, chequers_arboretum, nrook_uturn,
          nrook_mini_vaults
D:3:      layout_rooms, nicolae_sif_muna_condensation,
          ebering_ecumenical_altar_webs, nicolae_the_louvre, uniq_sigmund

Skill      XL: |  1  2 |
---------------+-------+-----
Dodging        | 3 4 |  4.0
Fighting       | |  1.5
Ranged Weapons | |  4.7
Stealth        | |  1.5

Action                     || total
---------------------------++-------
   Fire: Shortbow          ||    88
    Use: Scroll            ||     1
         Potion            ||     1
 Armour: Robe              ||     7
  Dodge: Dodged            ||    22

Table legend:
 A = Non-vault XP
 B = Vault XP
 C = Vault XP percentage of total XP
 D = Non-vault monster count
 E = Vault monster count
 F = Vault count percentage of total count
                 A         B        C        D         E       F
            +---------+---------+-------+---------+---------+-------
      Total |      64 |       0 |   0.0 |      32 |       0 |   0.0
            +---------+---------+-------+---------+---------+-------
        D:1 |      31 |       0 |   0.0 |      19 |       0 |   0.0
        D:2 |      10 |       0 |   0.0 |       6 |       0 |   0.0
        D:3 |      23 |       0 |   0.0 |       7 |       0 |   0.0
            +---------+---------+-------+---------+---------+-------
